 Dungeon Crawl Stone Soup version 0.31-a0-691-g409c26aa35 (webtiles) character file.

Game seed: 6513830317207232378

14495 gruber the Devastator (level 11, -14/61 HPs)
             Began as a Deep Elf Conjurer on Sept 6, 2023.
             Was a High Priest of Vehumet.
             Demolished by a cyclops (31 damage)
             ... on level 11 of the Dungeon on Sept 7, 2023.
             The game lasted 00:24:10 (15497 turns).

gruber the Devastator (Deep Elf Conjurer)          Turns: 15497, Time: 00:24:10

Health: -14/61     AC:  3    Str:  4    XL:     11   Next: 89%
Magic:  16/29      EV: 19    Int: 32    God:    Vehumet [*****.]
Gold:   809        SH:  0    Dex: 21    Spells: 24/34 levels left

rFire   + . .        A - +8 hammer of Wyrd {heavy, Fragile rF+ Int+4 Dex+2}
rCold   . . .        (no shield)
rNeg    . . .        t - +0 robe {Will+}
rPois   .            (no helmet)
rElec   .            B - +0 cloak
rCorr   .            (no gloves)
SInv    .            (no boots)
Will    ++...        (no amulet)
Stlth   ++           C - +4 ring of slaying
HPRegen 0.30/turn    N - +6 ring of dexterity
MPRegen 0.21/turn

%: no passive effects
@: freezing walls
A: no striking features
a: Renounce Religion


You were on level 11 of the Dungeon.
You worshipped Vehumet.
Vehumet was extremely pleased with you.
You visited 2 branches of the dungeon, and saw 12 of its levels.
You also visited: Ossuary.

You collected 809 gold pieces.

Inventory:

Hand Weapons
 A - the +8 hammer of Wyrd (weapon) {heavy, Fragile rF+ Int+4 Dex+2}
   (You found it on level 4 of the Dungeon)

   Int+4:     It affects your intelligence (+4).
   Dex+2:     It affects your dexterity (+2).
   rF+:       It protects you from fire.
   Fragile:   It will be destroyed if unequipped.
Armour
 j - a +1 leather armour of fire resistance
 t - a +0 robe of willpower (worn)
 z - a scarf of shadows
 B - a +0 cloak (worn)
Magical Staves
 s - a staff of fire
Jewellery
 C - a +4 ring of slaying (left hand)
 F - a ring of flight
 N - a +6 ring of dexterity (right hand)
Wands
 o - a wand of iceblast (8)
 D - a wand of flame (11)
 H - a wand of polymorph (3)
 M - a wand of digging (1)
Scrolls
 d - 4 scrolls of poison {unknown}
 e - a scroll of fog {unknown}
 f - 2 scrolls of blinking {unknown}
 g - 8 scrolls of identify {unknown}
 h - 2 scrolls of silence {unknown}
 i - 3 scrolls of teleportation {unknown}
 k - 4 scrolls of vulnerability {unknown}
 l - 2 scrolls of immolation {unknown}
 m - 2 scrolls of fear {unknown}
 p - 2 scrolls of enchant weapon {unknown}
 x - 2 scrolls of noise {unknown}
 y - a scroll of brand weapon {unknown}
 E - a scroll of revelation {unknown}
 G - 3 scrolls of amnesia {unknown}
 J - a scroll of enchant armour {unknown}
 L - a scroll of acquirement {unknown}
Potions
 a - 2 potions of enlightenment {unknown}
 b - 2 potions of magic
 c - 6 potions of curing {unknown}
 n - 3 potions of heal wounds {unknown}
 q - 3 potions of invisibility {unknown}
 r - a potion of might {unknown}
 u - 6 potions of mutation {unknown}
 v - a potion of degeneration {unknown}
 w - 4 potions of brilliance {unknown}
 I - 3 potions of lignification {unknown}
 K - a potion of attraction {unknown}


   Skills:
 * Level 4.0 Fighting
 - Level 10.0 Dodging
 - Level 2.4 Stealth
 - Level 12.1 Spellcasting
 - Level 16.0 Conjurations


You had 24 spell levels left.
You knew the following spells:

 Your Spells              Type           Power      Damage    Failure   Level
a - Magic Dart            Conj           100%       1d8       0%          1
b - Searing Ray           Conj           100%       2d8       0%          2
c - Iskenderun's Mystic   Conj/Tloc      63%        2d13      1%          4
d - Frozen Ramparts       Ice            38%        1d6       2%          3

Your spell library contained the following spells:

 Spells                   Type           Power      Damage    Failure   Level
 Freezing Cloud           Conj/Ice/Air   26%        6-21      2%          5
 Dazzling Flash           Conj/Hex       100%       N/A       1%          3
 Fulminant Prism          Conj/Hex       31%        3d15      1%          4
 Inner Flame              Hex/Fire       19%        N/A       2%          3
 Volatile Blastmotes      Fire/Tloc      38%        2d13      2%          3
 Ensorcelled Hibernation  Hex/Ice        38%        N/A       3%          2
 Passwall                 Tmut/Erth      15%        N/A       3%          2
 Portal Projectile        Hex/Tloc       38%        N/A       8%          3
 Swiftness                Air            19%        N/A       8%          3
 Tukima's Dance           Hex            19%        N/A       8%          3
 Lee's Rapid Deconstruct  Erth           9%         3d7*      17%         5
 Yara's Violent Unravell  Hex/Tmut       9%         3d6       17%         5
 Animate Armour           Summ/Erth      38%        N/A       24%         4
 Summon Lightning Spire   Summ/Air       19%        N/A       24%         4
 Enfeeble                 Hex            9%         N/A       100%        7


Dungeon Overview and Level Annotations

Branches:
Dungeon (11/15)            Temple (1/1) D:6             Orc (0/2) D:10
Ossuary (visited)
   Lair: D:8-11

Altars:
Ashenzari
Cheibriados
Dithmenos
Elyvilon
Fedhas
Gozag
Hepliaklqana
Kikubaaqudgha
Makhleb
Nemelex Xobeh
Okawaru
Qazlal
Ru
Sif Muna
Trog
Uskayaw
Vehumet
Wu Jian
Xom
Yredelemnul
Zin
The Shining One

Annotations:
D:4 2 transporters, RandomKimchi's ghost, amateur SpWn
D:10 3 runed translucent doors, exclusion: obsidian statue, WhatIsLove's ghost, novice HOMo


Message History

Unknown command.
Casting: Searing Ray (safe; 0% risk of failure)
Confirm with . or Enter, or press ? or * to list all spells.
You erupt in a blast of force!
The mystic blast hits the warg.
The warg is heavily wounded.
The warg is knocked back by the mystic blast.
The mystic blast hits the cyclops!
The cyclops is moderately wounded.
The mystic blast hits the yak!
The yak is almost dead.
The yak is knocked back by the mystic blast.
The yak slams into the rock wall!
You kill the yak!
Vehumet accepts your kill.
You feel your power returning.
The mystic blast hits the yak!
You kill the yak!
Vehumet accepts your kill.
The mystic blast hits the yak!!
The yak is almost dead.
The yak is knocked back by the mystic blast.
The warg howls!
The wall freezes the cyclops.
The warg pauses to sniff the ground.
Your Fighting skill increases to level 4!
Unknown command.
Unknown command.
Casting: Iskenderun's Mystic Blast (safe; 1% risk of failure)
Confirm with . or Enter, or press ? or * to list all spells.
You erupt in a blast of force!
The mystic blast hits the warg!
The warg is almost dead.
The warg is knocked back by the mystic blast.
The mystic blast hits the warg!
The warg is moderately wounded.
The warg is knocked back by the mystic blast.
The mystic blast hits the cyclops.
The cyclops is heavily wounded.
An orc comes into view. It is wielding a +0 short sword.
The wall freezes the cyclops.
The cyclops hits you!!
Ouch! That really hurt!
You die...

..............# ###
.......o.....## .
>..h.h........###
..............#.##...
...#..h.#..Y.......c ##
##..)####.##.....KK
#.)####..# ....o #
##C†.##.## ..!
.#.###@..Y..# ###...
.............# #.Y...
#...........####....
..............#..##
........)......Y..######
...............).......#
[..............)...#....
#..............).###....
#.......)......###.....


You could see a cyclops, a yak, 2 wargs and an orc.

Vanquished Creatures
  A two-headed ogre (D:10)
  Amaemon (D:8)
  Pikel (D:6)
  A manticore (D:11)
  Joseph (D:10)
  An orange demon (D:8)
  3 kobold demonologists (D:10)
  Sigmund (D:5)
  2 shadows (D:10)
  2 wyverns (D:9)
  4 humans (D:9)
  28 yaks
  A steam dragon (D:8)
  2 vampire mosquitoes (D:11)
  3 acid dragons
  A water moccasin (D:9)
  9 orc warriors
  An ice beast (D:7)
  A sky beast (D:6)
  A black bear (D:6)
  A centaur (D:11)
  2 ogres
  A phantom (D:10)
  2 lemures (D:6)
  An elf zombie (Ossuary)
  3 kobold brigands
  8 bullfrogs
  7 scorpions
  A gnoll sergeant (D:11)
  3 wights (D:6)
  11 killer bees
  A troll zombie (D:10)
  An electric eel (D:8)
  A howler monkey (D:5)
  A centaur zombie (Ossuary)
  5 hounds
  A gnoll bouda (D:7)
  2 human zombies (Ossuary)
  7 orc priests
  Crazy Yiuf (D:4)
  2 sleepcaps (D:4)
  Ijyb (D:9)
  2 iguanas
  18 orc wizards
  5 ogre zombies (D:10)
  2 mummies (Ossuary)
  8 gnolls
  4 adders
  A shadow imp (D:7)
  3 white imps
  An ufetubus (D:6)
  2 adder zombies (Ossuary)
  2 worms
  9 dart slugs
  48 orcs
  5 ball pythons
  3 bats (D:2)
  7 endoplasms
  2 giant cockroaches
  19 goblins
  20 hobgoblins
  8 jackals
  24 kobolds
  4 quokkas
  4 frilled lizards
  5 goblin zombies
  A hobgoblin skeleton (D:10)
  11 hobgoblin zombies
  10 kobold zombies (Ossuary)
  2 orc skeletons (D:10)
  14 orc zombies
  3 rats
  3 rat zombies (Ossuary)
378 creatures vanquished.

Notes
Turn   | Place    | Note
-------+----------+-------------------------------------------
     0 | D:1      | gruber the Deep Elf Conjurer began the quest for the Orb.
     0 | D:1      | Reached XP level 1. HP: 10/10 MP: 6/6
   254 | D:1      | Reached XP level 2. HP: 15/15 MP: 6/8
   300 | D:1      | Reached skill level 5 in Conjurations
   356 | D:1      | Learned a level 2 spell: Searing Ray
  1201 | D:2      | Reached XP level 3. HP: 19/19 MP: 7/9
  1495 | D:2      | Found a faded altar of an unknown god.
  2571 | D:3      | Found a glowing silver altar of Zin.
  2576 | D:3      | Reached XP level 4. HP: 24/24 MP: 7/11
  2803 | D:3      | Found a sparkling altar of Nemelex Xobeh.
  2841 | D:3      | Reached skill level 6 in Conjurations
  3074 | D:4      | Identified the +0 great mace "Ameebb" {heavy, rN++ Str-5}
  3074 | D:4      | Noticed an ogre
  3074 | D:4      | Found a transporter.
  3076 | D:4      | Noticed RandomKimchi's ghost (amateur SpWn)
  3076 | D:4      | Noticed an ogre
  3077 | D:4      | Found a transporter.
  3077 | D:4      | Noticed an ogre
  3089 | D:4      | Found a shimmering altar of Xom.
  3144 | D:4      | Found a sand-covered staircase.
  3164 | Ossuary  | Entered an ossuary
  3539 | Ossuary  | Learned a level 4 spell: Iskenderun's Mystic Blast
  3750 | Ossuary  | Reached XP level 5. HP: 28/28 MP: 3/13
  3929 | Ossuary  | Reached skill level 5 in Spellcasting
  3929 | Ossuary  | Reached skill level 7 in Conjurations
  3938 | Ossuary  | Reached XP level 6. HP: 19/32 MP: 1/16
  4949 | D:4      | Reached skill level 8 in Conjurations
  5019 | D:4      | Found a runed translucent door.
  5020 | D:4      | Noticed Crazy Yiuf
  5128 | D:4      | Killed Crazy Yiuf
  5129 | D:4      | Reached XP level 7. HP: 36/36 MP: 11/18
  5131 | D:4      | Identified the +8 hammer of Wyrd {heavy, Fragile rF+ Int+4
                  | Dex+2}
  5213 | D:5      | Entered Level 5 of the Dungeon
  5861 | D:5      | Reached skill level 9 in Conjurations
  6141 | D:5      | Noticed Sigmund
  6143 | D:5      | Killed Sigmund
  6144 | D:5      | Reached XP level 8. HP: 41/41 MP: 19/21
  6617 | D:6      | Reached skill level 10 in Conjurations
  6682 | D:6      | Found a staircase to the Ecumenical Temple.
  6693 | Temple   | Entered the Ecumenical Temple
  6700 | Temple   | Became a worshipper of Vehumet
  6962 | D:6      | Reached skill level 11 in Conjurations
  7214 | D:6      | Noticed Pikel
  7229 | D:6      | Killed Pikel
  7230 | D:6      | Reached skill level 12 in Conjurations
  7230 | D:6      | Reached XP level 9. HP: 22/45 MP: 1/23
  7702 | D:6      | Found a broken altar of Ashenzari.
  7820 | D:7      | Reached * piety under Vehumet
  7820 | D:7      | Offered knowledge of Shock by Vehumet.
  7821 | D:7      | Reached skill level 13 in Conjurations
  8033 | D:7      | Identified the +0 ring mail of Hadjma {rElec rC+ Will+}
  8073 | D:7      | Found an iron altar of Okawaru.
  8870 | D:8      | Reached skill level 14 in Conjurations
  9222 | D:8      | Found a stormy altar of Qazlal.
  9243 | D:8      | Found a hide-covered altar of Uskayaw.
  9243 | D:8      | Noticed a +0 hand axe
  9245 | D:8      | Noticed a +0 hand axe
  9249 | D:8      | Reached ** piety under Vehumet
  9256 | D:8      | Offered knowledge of Sandblast by Vehumet.
  9585 | D:8      | Found an ancient bone altar of Kikubaaqudgha.
  9625 | D:8      | Found a sacrificial altar of Ru.
  9635 | D:8      | Reached XP level 10. HP: 33/50 MP: 16/24
  9717 | D:8      | Offered knowledge of Frozen Ramparts by Vehumet.
  9849 | D:8      | Noticed an orange demon
  9878 | D:8      | Noticed Amaemon
  9895 | D:8      | Killed an orange demon
  9895 | D:8      | Killed Amaemon
  9896 | D:8      | Reached skill level 15 in Conjurations
 10173 | D:8      | Reached *** piety under Vehumet
 10490 | D:8      | Found a snail-covered altar of Cheibriados.
 10786 | D:8      | Learned a level 3 spell: Frozen Ramparts
 10814 | D:9      | Found a shadowy altar of Dithmenos.
 10851 | D:9      | Reached skill level 16 in Conjurations
 11485 | D:9      | Found a burning altar of Makhleb.
 11657 | D:10     | Entered Level 10 of the Dungeon
 11716 | D:10     | Reached skill level 5 in Dodging
 11869 | D:10     | Offered knowledge of Mephitic Cloud by Vehumet.
 12249 | D:10     | Found a runed translucent gate.
 12250 | D:10     | Found a runed translucent gate.
 12250 | D:10     | Found a runed translucent gate.
 12251 | D:10     | Found an opulent altar of Gozag.
 12252 | D:10     | Noticed an obsidian statue
 12252 | D:10     | Noticed WhatIsLove's ghost (novice HOMo)
 12254 | D:10     | Noticed a boulder beetle
 12476 | D:10     | Found a hazy altar of Hepliaklqana.
 12557 | D:10     | Reached **** piety under Vehumet
 12569 | D:10     | Reached XP level 11. HP: 42/54 MP: 0/25
 12753 | D:10     | Noticed Joseph
 12917 | D:9      | Noticed Ijyb
 12930 | D:9      | Killed Ijyb
 13109 | D:9      | Offered knowledge of Flame Wave by Vehumet.
 13282 | D:9      | Reached skill level 10 in Dodging
 13555 | D:9      | Reached skill level 10 in Spellcasting
 13761 | D:10     | Killed Joseph
 13987 | D:10     | Identified the +1 mace of Moubron {heavy, rElec Str+3}
 14259 | D:10     | Found a staircase to the Orcish Mines.
 14333 | D:10     | Noticed a two-headed ogre
 14342 | D:10     | Killed a two-headed ogre
 14801 | D:11     | Reached skill level 1 in Fighting
 15494 | D:11     | Reached ***** piety under Vehumet
 15494 | D:11     | Offered knowledge of Freezing Cloud by Vehumet.
 15497 | D:11     | Demolished by a cyclops

Illustrated notes

Levels and vault maps discovered:
D:1:      minmay_arrival_cross, layout_loops_ring, minmay_hedge_maze
D:2:      layout_basic, shapermc_ecumenical_altar_gd
D:3:      layout_rooms, nemelex_diamond_rough_becter, old_standard_altar,
          nicolae_underground_beach
D:4:      layout_basic, mainiacjoe_overflow_brackets, enter_ossuary_3,
          gammafunk_ghost_smash, serial_bayou_pond_e, uniq_crazy_yiuf_cottage
D:5:      kennysheep_slugbush, layout_loops_ring, uniq_sigmund
D:6:      layout_loops_ring, cheibrodos_ashenzari_chains,
          minmay_temple_entry_stoned_glass, uniq_pikel
D:7:      layout_rooms, lemuel_crystal_altar, grunt_tough_drop
D:8:      corexii_shantytown, layout_rooms, grunt_qazlal_sundering,
          dancing_weapons_uskayaw, chei_slow_surprise, nicolae_overflow_squiral,
          uniq_amaemon
D:9:      erik_cavepeople, layout_loops_ring, lemuel_doored_altar,
          lemuel_tele_altar, nicolae_fountain_basement
D:10:     layout_stronghold, nzn_hepliaklqana_mist_gate, zombieorc1_lemuel,
          ebering_ghost_gozag, uniq_joseph
D:11:     layout_cave_pools, erik_lair_orcish_takeover
Temple:   compressed_dpeg_triangle_lava_temple

Skill      XL: |  1  2  3  4  5  6  7  8  9 10 11 |
---------------+----------------------------------+-----
Conjurations   | 5 6 7 8 9 12 14 16 | 16.0
Spellcasting   | 4 5 6 7 8 12 | 12.1
Dodging        | 8 10 | 10.0
Fighting       | 4 |  4.0
Stealth        | |  2.4

Action                     |  1- 3 |  4- 6 |  7- 9 | 10-12 || total
---------------------------+-------+-------+-------+-------++-------
  Melee: Unarmed           |     1 |       |       |       ||     1
         Staff             |       |    13 |       |       ||    13
         Mace              |       |       |       |     4 ||     4
   Cast: Magic Dart        |    78 |   120 |   158 |   126 ||   482
         Searing Ray       |     2 |    21 |    50 |    79 ||   152
         Iskenderun's Myst |       |     1 |    18 |    78 ||    97
         Frozen Ramparts   |       |       |       |     1 ||     1
  Evoke: Wand              |       |       |     2 |     1 ||     3
 Armour: Robe              |     4 |    37 |    55 |    78 ||   174
  Dodge: Dodged            |     4 |    30 |    42 |    92 ||   168

Table legend: (Time is in decaauts)
 A = Elapsed time spent in this place.
 B = Non-inter-level travel time spent in this place.
 C = Inter-level travel time spent in this place.
 D = Time resting spent in this place.
 E = Time spent auto-exploring this place.
 F = Levels seen in this place.
 G = Mean time per level.
                   A        B        C        D        E       F      G
               +--------+--------+--------+--------+--------+-----+--------+
         Total |  15524 |  14810 |    714 |   1393 |  11189 |  13 | 1194.2 |
       Dungeon |  14384 |  13677 |    707 |   1261 |  10554 |  11 | 1307.6 |
        Temple |     14 |      7 |      7 |      0 |      0 |   1 |   14.0 |
       Ossuary |   1125 |   1125 |      0 |    132 |    635 |   1 | 1125.0 |
               +--------+--------+--------+--------+--------+-----+--------+

Top non-repeatable levels by time:
    D:10: 2442 daAuts
     D:9: 2033 daAuts
     D:8: 1480 daAuts
     D:5: 1417 daAuts
     D:7: 1411 daAuts
     D:2: 1166 daAuts
 Ossuary: 1125 daAuts
     D:6: 1122 daAuts
     D:4: 1097 daAuts
     D:1: 980 daAuts
     D:3: 905 daAuts
    D:11: 325 daAuts
  Temple: 14 daAuts
